 Dungeon Crawl Stone Soup version 0.19.0-11-g3fc08b3 (webtiles) character file.

176431 dobroeutro the Crack Shot (level 17, -14/133 HPs)
             Began as a Centaur Hunter on Nov 8, 2016.
             Was the Champion of Okawaru.
             Killed from afar by Aizul (27 damage)
             ... with a poison arrow
             ... on level 2 of the Snake Pit.
             The game lasted 01:25:24 (34435 turns).

dobroeutro the Crack Shot (Centaur Hunter)         Turns: 34435, Time: 01:25:25

Health: -14/133    AC: 32    Str: 18    XL:     17   Next: 51%
Magic:  20/21      EV: 13    Int: 10    God:    Okawaru [******]
Gold:   2474       SH:  3    Dex: 12    Spells: 0 memorised, 16 levels left

rFire  + + .     SeeInvis .     S - +5 longbow (flame)
rCold  + + .     Gourm    .     U - +4 scale mail {rC+}
rNeg   . . .     Faith    .     (shield currently unavailable)
rPois  .         Spirit   .     C - +0 helmet
rElec  .         Reflect  +     p - +2 cloak {MR+}
rCorr  +         Harm     .     I - +2 pair of gloves "Dialekocw" {rF+}
MR     ++...                    Y - +1 centaur barding {Fly}
Stlth  ++........               k - +3 amulet of reflection
                                Q - ring of protection from cold
                                H - ring of resist corrosion

@: lethally poisoned (-14 -> -36), about to teleport, heroism, flying, very
slightly contaminated, very quick
A: hooves 3, thin metallic scales 1, blink, deformed body, fire resistance 1,
speed 2, frail 1, low mp 1, tough skin 3, weak 1, MP-powered wands, sturdy frame
1
a: Blink, Heroism, Finesse, Renounce Religion, Stop Flying


You were on level 2 of the Snake Pit.
You worshipped Okawaru.
Okawaru was exalted by your worship.
You were near starving.

You visited 5 branches of the dungeon, and saw 26 of its levels.
You also visited: Labyrinth and Bailey.

You collected 2726 gold pieces.
You spent 252 gold pieces at shops.

Inventory:

Hand Weapons
 B - a +4 short sword
 S - a +5 longbow of flaming (weapon)
Missiles
 d - 415 arrows (quivered)
Armour
 p - a +2 cloak of magic resistance (worn)
 C - a +0 helmet (worn)
 I - the +2 pair of gloves "Dialekocw" (worn) {rF+}
   (You found it on level 10 of the Dungeon)

   It protects you from fire.
 U - a +4 scale mail of cold resistance (worn)
 Y - a +1 centaur barding of flying (worn)
Rods
 P - a +2 lightning rod (14/14)
   (You found it in a labyrinth)
Jewellery
 i - an uncursed ring of flight
 k - a +3 amulet of reflection (around neck)
 G - an uncursed ring of fire
 H - a ring of resist corrosion (left hand)
 Q - a ring of protection from cold (right hand)
Wands
 a - a wand of flame (32/48)
 c - a wand of lightning (1/15)
 h - a wand of digging (5/24)
 j - a wand of hasting (4/9)
 v - a wand of teleportation (0/9)
 J - a wand of heal wounds (5/9)
 K - a wand of paralysis (18/24)
 W - a wand of confusion (17/48)
 Z - a wand of lightning (1/15)
Scrolls
 g - 3 scrolls of enchant armour
 n - a scroll of magic mapping
 q - 5 scrolls of immolation
 r - 2 scrolls of identify
 u - a scroll of summoning
 y - 5 scrolls of amnesia
 E - a scroll of teleportation
 M - 2 scrolls of remove curse
 V - a scroll of silence
 X - 2 scrolls of fog
Potions
 b - 2 potions of cure mutation
 e - 7 potions of might
 m - a potion of agility
 o - 2 potions of ambrosia
 t - 2 potions of brilliance
 w - a potion of heal wounds
 x - 7 potions of curing
 A - 8 potions of lignification
 D - a potion of haste
 F - a potion of cancellation {unknown}
 R - 3 potions of berserk rage {unknown}
Comestibles
 f - 7 bread rations
 l - 14 meat rations
 s - 6 beef jerkies
 T - 15 fruits


   Skills:
 + Level 12.6(17.6) Fighting
 + Level 21.4(26.4) Bows
 + Level 9.7(14.7) Armour
 + Level 9.7(14.7) Dodging
 - Level 0.4(5.4) Stealth
 - Level 9.0 Evocations


You had 16 spell levels left.
You didn't know any spells.

Dungeon Overview and Level Annotations

Branches:
Dungeon (15/15)            Temple (1/1) D:5            Lair (6/6) D:9
 Shoals (0/4) Lair:4        Snake (2/4) Lair:3        Slime (0/5) Lair:6
    Orc (2/2) D:11            Elf (0/3) Orc:2        Vaults (0/5) D:14
 Depths (0/5) D:15

Altars:
Ashenzari
Cheibriados
Dithmenos
Elyvilon
Fedhas
Gozag
Hepliaklqana
Makhleb
Okawaru
Trog
Uskayaw
Vehumet
Zin
The Shining One

Shops:
D:4 [   D:11 =   Orc:1 %   Orc:2 =([*

Annotations:
D:11 Fannar
Snake:2 Aizul


Innate Abilities, Weirdness & Mutations

You have hooves in place of feet.
Armour fits poorly on your strangely shaped body.
You cover ground very quickly.
You have extremely tough skin. (AC +3)
You are partially covered in thin metallic scales. (AC +2)
You can translocate small distances at will.
Your flesh is heat resistant. (rF+)
You are frail. (-10% HP)
Your magical capacity is low. (-10% MP)
You are weak. (Str -2)
You expend magic power (3 MP) to strengthen your wands.
Your movements are slightly less encumbered by armour. (ER -2)


Message History

* * * LOW HITPOINT WARNING * * *
You feel better. Aizul casts a spell at you. The bolt of poison hits you!
You are poisoned.
* * * LOW HITPOINT WARNING * * *
Okay, then.
Blink to where?
Press: ? - help, Dir - move target cursor, p - Aizul You are very lightly contaminated with residual magic.
As you read the scroll labeled WIFARUNABB, it crumbles to dust.
It was a scroll of blinking.
You feel sick.
As you read the scroll of teleportation, it crumbles to dust.
You feel strangely unstable.
You feel sick.
You feel sick.
Aizul screams, "I'll haunt your nightmares!"
Aizul coils herself and waves her upper body at you.
The poison arrow hits you!
You are lethally poisoned!
You die...

#...###.#...# #...##..........
#...##.#.[.## #.....##..##....
#...#....### #....>...#####:.
...#......### #........## #.#
........### ##........## #.#
...##....## ##..........###.#
##....## ##.#..........##.#
#...##.#####.###.........#...
#..#####..#..@.##.............
#..# ###......###.......#....
#... #..>...### ##.######.#..
.... #.....## ##### ##.#... ..
####..# ##..#####..#... #...#
##..#.......##.. (. ##S###
#...........###.
..((#####.#######.........##
## #.)(#.####...##.......####
#


You could see Aizul.

Vanquished Creatures
  Rupert (Lair:6)
  Frances (D:14)
  A nagaraja (Snake:2)
  A fire giant (D:15)
  An orc warlord (Orc:2)
  Nessos (D:15)
  6 dire elephants (Lair:6)
  A minotaur (Lab)
  4 ogre magi (Orc:2)
  Josephine (Orc:1)
  5 hydras
  Harold (Lair:3)
  The ghost of MDvedh the Basher, a journeyman VSSu of Okawaru (Lair:1)
  2 naga warriors (Snake:1)
  A centaur warrior (D:15)
  3 anacondas
  Erica (Lair:1)
  An orc high priest (Orc:1)
  A tengu warrior (D:13)
  8 naga sharpshooters
  3 shock serpents
  Sonja (D:15)
  3 skeletal warriors
  2 unseen horrors
  2 naga ritualists (Snake:1)
  2 mana vipers
  2 hill giants
  3 deep elf magi
  2 orc knights
  3 orc sorcerers (Orc:1)
  9 ugly things
  3 cyclopes
  2 salamanders
  7 elephants (Lair:6)
  10 black mambas
  4 naga magi (Snake:1)
  Maurice (Orc:1)
  2 gargoyles
  A centaur skeleton (D:11)
  8 spiny frogs
  5 komodo dragons
  2 rime drakes
  2 kobold demonologists
  An efreet (D:15)
  8 trolls
  A freezing wraith (D:14)
  A tengu conjurer (D:14)
  18 two-headed ogres
  2 polar bears
  2 slime creatures (Lair:6)
  A hornet (D:12)
  9 blink frogs (Lair:5)
  16 hippogriffs
  4 wyverns
  2 shadows
  A spriggan (D:8)
  6 wraiths
  11 yaks
  2 basilisks
  A steam dragon (D:11)
  3 vampire mosquitoes (D:15)
  12 nagas
  Edmund (D:6)
  8 water moccasins
  A soldier ant (D:13)
  15 orc warriors
  6 porcupines
  4 ice beasts
  2 necrophages
  2 sky beasts
  An eye of draining (D:11)
  3 phantoms
  32 ogres
  10 centaurs
  A crocodile (shapeshifter) (D:13)
  11 crocodiles
  12 bullfrogs
  10 big kobolds
  A wyvern zombie (D:8)
  A gnoll sergeant (D:6)
  4 scorpions
  13 killer bees
  6 jellies
  16 wights
  An electric eel (D:6)
  6 howler monkeys
  8 crimson imps
  2 bullfrog zombies
  2 centaur zombies
  9 hounds
  14 orc priests
  5 iguanas
  15 orc wizards
  9 worker ants
  A hound zombie (D:11)
  2 hound skeletons
  A worker ant zombie (D:10)
  18 gnolls
  A howler monkey skeleton (D:7)
  12 adders
  An ooze (D:6)
  3 adder skeletons
  2 adder zombies
  3 worms
  A dart slug (D:1)
  7 leopard geckos
  71 orcs
  4 ball pythons
  3 bats
  7 giant cockroaches
  17 goblins
  18 hobgoblins
  16 jackals
  3 quokkas
  8 frilled lizards
  73 kobolds
  A leopard gecko skeleton (D:7)
  A quokka skeleton (D:5)
  A quokka zombie (D:7)
  10 rats
  3 plants (Lair:6)
741 creatures vanquished.

Vanquished Creatures (others)
  A centaur warrior (D:14)
  A shadow wraith (D:14)
  A centaur (D:13)
  5 fungi
  5 plants (Lair:6)
13 creatures vanquished.

Grand Total: 754 creatures vanquished

Notes
Turn   | Place    | Note
-------+----------+-------------------------------------------
     0 | D:1      | dobroeutro the Centaur Hunter began the quest for the Orb.
     0 | D:1      | Reached XP level 1. HP: 17/17 MP: 1/1
    85 | D:1      | Reached XP level 2. HP: 24/24 MP: 2/2
   148 | D:1      | Reached skill level 6 in Bows
   459 | D:1      | Reached XP level 3. HP: 20/29 MP: 3/3
   754 | D:2      | Reached skill level 7 in Bows
  1385 | D:3      | Reached XP level 4. HP: 32/36 MP: 4/4
  1995 | D:3      | Found a faded altar of an unknown god.
  1995 | D:3      | Found a faded altar of an unknown god.
  2001 | D:3      | Found a glowing golden altar of the Shining One.
  2003 | D:3      | Found a faded altar of an unknown god.
  2005 | D:3      | Found a faded altar of an unknown god.
  2099 | D:3      | Reached skill level 8 in Bows
  2532 | D:4      | Reached XP level 5. HP: 22/41 MP: 5/5
  2862 | D:4      | Reached skill level 9 in Bows
  3162 | D:4      | Found a radiant altar of Vehumet.
  3167 | D:4      | Found Kegiunet's Armour Emporium.
  3278 | D:4      | Reached XP level 6. HP: 19/48 MP: 6/6
  4268 | D:4      | Reached skill level 10 in Bows
  4554 | D:5      | Entered Level 5 of the Dungeon
  4732 | D:4      | Bought a +1 cloak of magic resistance for 198 gold pieces
  4732 | D:4      | Bought a +0 helmet for 54 gold pieces
  4835 | D:5      | Found a staircase to the Ecumenical Temple.
  4847 | D:5      | Reached skill level 11 in Bows
  4847 | D:5      | Reached XP level 7. HP: 39/55 MP: 7/7
  4879 | Temple   | Entered the Ecumenical Temple
  4928 | Temple   | Became a worshipper of Warmaster Okawaru
  5353 | D:5      | Found a hazy altar of Hepliaklqana.
  5482 | D:6      | Reached skill level 12 in Bows
  5663 | D:5      | Reached * piety under Okawaru
  5854 | D:5      | Reached XP level 8. HP: 25/61 MP: 8/8
  6021 | D:6      | Reached skill level 13 in Bows
  6670 | D:6      | Reached skill level 14 in Bows
  6824 | D:6      | Noticed Edmund
  6899 | D:6      | Killed Edmund
  7021 | D:6      | Reached ** piety under Okawaru
  7279 | D:6      | Reached skill level 15 in Bows
  7894 | D:7      | Found a hide-covered altar of Uskayaw.
  7924 | D:7      | Noticed a troll
  7979 | D:7      | Killed a troll
  7979 | D:7      | Reached XP level 9. HP: 13/67 MP: 9/9
  8504 | D:7      | Reached skill level 16 in Bows
  8932 | D:7      | Found a snail-covered altar of Cheibriados.
  9170 | D:8      | Reached *** piety under Okawaru
  9533 | D:8      | Reached skill level 1 in Armour
  9749 | D:8      | Reached XP level 10. HP: 51/78 MP: 10/10
  9753 | D:8      | Reached **** piety under Okawaru
  9810 | D:8      | Received a gift from Okawaru
  9952 | D:8      | Found a flagged portal.
  9958 | Bailey   | Entered a bailey
 10019 | Bailey   | Reached skill level 17 in Bows
 10076 | Bailey   | Noticed an orc knight
 10225 | Bailey   | Killed an orc knight
 11015 | D:9      | Found a staircase to the Lair.
 11112 | D:9      | Reached skill level 5 in Fighting
 11120 | D:9      | Found a blossoming altar of Fedhas.
 11687 | D:10     | Entered Level 10 of the Dungeon
 11709 | D:10     | Noticed a gargoyle
 11728 | D:10     | Killed a gargoyle
 11913 | D:10     | Received a gift from Okawaru
 12112 | D:10     | Got a pair of polished gloves
 12118 | D:10     | Identified the +2 pair of gloves "Dialekocw" {rF+} (You found it on level 10 of the Dungeon)
 12707 | D:11     | Received a gift from Okawaru
 12820 | D:11     | Reached XP level 11. HP: 89/89 MP: 11/11
 12925 | D:11     | Found Resypiw's Jewellery Emporium.
 12943 | D:11     | Reached ***** piety under Okawaru
 12993 | D:11     | Found a staircase to the Orcish Mines.
 13076 | D:11     | Received a gift from Okawaru
 13111 | D:11     | Noticed Fannar
 13116 | D:11     | Noticed a hill giant
 13411 | D:11     | Received a gift from Okawaru
 13730 | D:11     | Killed an unseen horror
 13890 | D:11     | Killed a hill giant
 13890 | D:11     | Received a gift from Okawaru
 14070 | D:11     | Reached skill level 18 in Bows
 14181 | D:12     | Noticed a white ugly thing
 14194 | D:12     | Reached skill level 5 in Dodging
 14510 | D:12     | Killed an unseen horror
 14718 | D:12     | Reached skill level 1 in Evocations
 14890 | D:12     | Received a gift from Okawaru
 15128 | D:12     | Killed a white ugly thing
 15128 | D:12     | Reached skill level 5 in Armour
 15148 | D:12     | Received a gift from Okawaru
 15168 | D:12     | Gained mutation: You evolve. [mutagenic meat]
 15408 | D:13     | Gained mutation: Your magical capacity is low. (-10% MP) [mutagenic meat]
 15583 | D:13     | Gained mutation: You can translocate small distances at will. [potion of mutation]
 15583 | D:13     | Gained mutation: You are weak. (Str -2) [potion of mutation]
 15583 | D:13     | Gained mutation: You are agile. (Dex +2) [potion of mutation]
 15584 | D:13     | Lost mutation: You evolve. [potion of mutation]
 15584 | D:13     | Gained mutation: You expend magic power (3 MP) to strengthen your wands. [potion of mutation]
 15819 | D:13     | Gained mutation: You are very agile. (Dex +4) [mutagenic meat]
 15820 | D:13     | Gained mutation: You are frail. (-10% HP) [mutagenic meat]
 16055 | D:13     | Noticed a skeletal warrior
 16058 | D:13     | Noticed a skeletal warrior
 16060 | D:13     | Noticed a skeletal warrior
 16089 | D:13     | Noticed a skeletal warrior
 16500 | D:13     | Killed a skeletal warrior
 16500 | D:13     | Reached XP level 12. HP: 90/90 MP: 12/12
 16813 | D:13     | Found a blossoming altar of Fedhas.
 16933 | D:14     | Noticed a centaur warrior
 16970 | D:14     | Noticed a tengu warrior
 16990 | D:13     | Killed a tengu warrior
 17114 | D:14     | HP: 3/91 [something (9)]
 17150 | D:14     | Found a gate to the Vaults.
 17189 | D:14     | Found a labyrinth entrance.
 17190 | D:14     | Noticed Frances
 17198 | Lab      | Entered a labyrinth
 17214 | Lab      | Identified 2 scrolls of acquirement
 18502 | Lab      | Noticed a minotaur
 18511 | Lab      | Killed a minotaur
 18802 | D:14     | Killed Frances
 18942 | D:14     | Received a gift from Okawaru
 18971 | D:14     | Lost mutation: You are very agile. (Dex +4) [mutagenic meat]
 18974 | D:14     | Gained mutation: Your movements are slightly less encumbered by armour. (ER -2) [mutagenic meat]
 18975 | D:14     | Lost mutation: You are agile. (Dex +2) [mutagenic meat]
 19118 | D:14     | Received a gift from Okawaru
 19148 | D:14     | Reached skill level 19 in Bows
 19204 | D:14     | Killed a centaur warrior
 19523 | Lair:1   | Entered Level 1 of the Lair of Beasts
 19532 | Lair:1   | Received a gift from Okawaru
 19772 | Lair:1   | Reached XP level 13. HP: 99/99 MP: 15/15
 19776 | Lair:1   | Noticed Erica
 19781 | Lair:1   | Killed Erica
 19781 | Lair:1   | Reached skill level 5 in Evocations
 19801 | Lair:1   | Noticed MDvedh's ghost (journeyman VSSu)
 19824 | Lair:1   | Killed MDvedh's ghost
 19824 | Lair:1   | Received a gift from Okawaru
 19828 | Lair:1   | Got a distressingly furry scale mail {god gift}
 19839 | Lair:1   | Identified the +0 scale mail of Shielding {-Cast rElec rF- Int+8} (Okawaru gifted it to you on level 1 of the Lair of Beasts)
 21107 | Lair:3   | You are sucked into a shaft for 2 floors!
 22135 | Lair:6   | Entered Level 6 of the Lair of Beasts
 22320 | Lair:6   | Found a staircase to the Slime Pits.
 22326 | Lair:6   | Noticed Rupert
 22383 | Lair:6   | Paralysed by Rupert for 2 turns
 22872 | Lair:4   | Reached skill level 10 in Fighting
 23124 | Lair:4   | Found a staircase to the Shoals.
 23358 | Lair:3   | Found a staircase to the Snake Pit.
 23616 | Lair:3   | Noticed Harold
 23627 | Lair:3   | Killed Harold
 23647 | Lair:3   | Received a gift from Okawaru
 24550 | Lair:6   | Reached XP level 14. HP: 88/109 MP: 17/17
 25315 | Lair:6   | Gained mutation: You are partially covered in thin metallic scales. (AC +2) [potion of beneficial mutation]
 25316 | Lair:6   | Gained mutation: Your flesh is heat resistant. (rF+) [potion of beneficial mutation]
 26162 | Lair:6   | Found a staircase to the Slime Pits.
 26170 | Lair:6   | Paralysed by Rupert for 4 turns
 26186 | Lair:6   | Killed Rupert
 26186 | Lair:6   | Reached skill level 20 in Bows
 27406 | D:15     | Entered Level 15 of the Dungeon
 27494 | D:15     | Received a gift from Okawaru
 27499 | D:15     | Noticed Sonja
 27844 | D:15     | Killed Sonja
 27951 | D:15     | Found a staircase to the Depths.
 27953 | D:15     | Noticed a fire giant
 28031 | D:15     | Killed a fire giant
 28161 | D:15     | Got a dazzling ring mail
 28172 | D:15     | Identified the +0 ring mail of the Gravedigger {Int+5} (You found it on level 15 of the Dungeon)
 28299 | D:15     | Noticed Nessos
 28304 | D:15     | Killed Nessos
 28577 | Orc:1    | Entered Level 1 of the Orcish Mines
 28577 | Orc:1    | Noticed Josephine
 28588 | Orc:1    | Killed Josephine
 28651 | Orc:1    | Found Surunoowy's Food Emporium.
 28822 | Orc:2    | Entered Level 2 of the Orcish Mines
 29013 | Orc:2    | Found a bloodstained altar of Trog.
 29019 | Orc:2    | Found a staircase to the Elven Halls.
 29370 | Orc:2    | Reached ****** piety under Okawaru
 29370 | Orc:2    | Received a gift from Okawaru
 29398 | Orc:2    | HP: 3/111 [ogre mage/bolt of lightning (28)]
 29793 | Orc:2    | Reached XP level 15. HP: 110/117 MP: 19/19
 29796 | Orc:2    | Found Pasijiq's Jewellery Shop.
 29796 | Orc:2    | Found Duyvuczo's Antique Weapon Shoppe.
 29797 | Orc:2    | Found Nunoj's Armour Shoppe.
 29797 | Orc:2    | Found Zoarumom's General Store.
 30200 | Orc:1    | Noticed an orc warlord
 30764 | Orc:2    | Killed an orc warlord
 31120 | Orc:1    | Noticed Maurice
 31133 | Orc:1    | Received a gift from Okawaru
 31167 | Orc:1    | Killed Maurice
 31650 | Snake:1  | Entered Level 1 of the Snake Pit
 31688 | Snake:1  | Received a gift from Okawaru
 31869 | Snake:1  | Reached XP level 16. HP: 48/125 MP: 20/20
 31870 | Snake:1  | Reached skill level 21 in Bows
 31870 | Snake:1  | Reached XP level 17. HP: 51/131 MP: 21/21
 32199 | Snake:1  | Received a gift from Okawaru
 33898 | Snake:2  | Received a gift from Okawaru
 34415 | Snake:2  | Noticed Aizul
 34435 | Snake:2  | Killed from afar by Aizul

Skill      XL: |  1  2  3  4  5  6  7  8  9 10 11 12 13 14 15 16 |
---------------+-------------------------------------------------+-----
Bows           | 6 7 8 9 11 12 15 16 17 18 19 20 21 | 21.4
Armour         | 2 4 5 6 7 8 9 |  9.7
Dodging        | 2 4 5 6 7 8 9 |  9.7
Fighting       | 3 6 7 9 10 11 12 | 12.6
Evocations     | 2 4 6 8 9 |  9.0
Stealth        | |  0.4

Action                   |  1- 3 |  4- 6 |  7- 9 | 10-12 | 13-15 | 16-18 || total
-------------------------+-------+-------+-------+-------+-------+-------++-------
Melee: Short sword       |   151 |   116 |   302 |       |    38 |       ||   607
       Kick              |    31 |    31 |    78 |       |    19 |       ||   159
       Morningstar       |       |    14 |       |       |       |       ||    14
       Shortbow          |       |       |       |     1 |       |       ||     1
 Fire: Shortbow          |     6 |   166 |   460 |  1054 |       |       ||  1686
       Longbow           |       |       |       |   118 |   942 |   222 ||  1282
Invok: Heroism           |       |       |     4 |    11 |     7 |     1 ||    23
Evoke: Wand              |       |       |       |    16 |     5 |       ||    21
       Rod               |       |       |       |     4 |    12 |       ||    16
  Use: Scroll            |       |     5 |     2 |    24 |    10 |     3 ||    44
       Potion            |       |     2 |     2 |    10 |     7 |     3 ||    24
  Eat: Chunk             |     1 |     7 |     6 |    23 |     8 |       ||    45
       Bread ration      |       |     1 |       |     1 |     1 |       ||     3
       Meat ration       |       |       |     1 |       |     1 |       ||     2
       Royal jelly       |       |       |       |     2 |       |       ||     2
       Pizza             |       |       |       |     2 |     6 |     2 ||    10
       Beef jerky        |       |       |       |     1 |     1 |     2 ||     4
Armor: Leather armour    |    46 |    66 |    97 |       |       |       ||   209
       Troll leather arm |       |       |   106 |   198 |     2 |       ||   306
       Scale mail        |       |       |       |       |   210 |    33 ||   243
Dodge: Dodged            |    57 |   107 |   223 |   194 |   141 |    22 ||   744
Block: Other             |       |       |       |    35 |    24 |     8 ||    67
       Reflection        |       |       |       |     5 |     2 |     2 ||     9
